 Dungeon Crawl Stone Soup version 0.17-a0-1763-g847a857 (webtiles) character file.

45273 demorobin the Spear-Bearer (level 14, -7/113 HPs)
             Began as a Human Wizard on Sept 4, 2015.
             Was the Champion of Makhleb.
             Mangled by a minotaur
             ... wielding the +8 Wrath of Trog {antimagic, *Rage}
              (32 damage)
             ... in a labyrinth on Sept 5, 2015.
             The game lasted 02:35:18 (25225 turns).

demorobin the Spear-Bearer (Human Wizard)          Turns: 25225, Time: 02:35:19

Health: -7/113     AC: 11    Str:  8    XL:     14   Next: 70%
Magic:  0/22       EV: 20    Int: 18    God:    Makhleb [******]
Gold:   892        SH:  7    Dex: 17    Spells: 7 memorised, 9 levels left

rFire  . . .     SeeInvis .     a - +5 trident (pain)
rCold  . . .     Clarity  .     e - +0 robe
rNeg   . . .     SustAt   .     R - +1 buckler {AC+3}
rPois  .         Gourm    .     j - +2 helmet
rElec  .         Spirit   +     (no cloak)
rCorr  .         Warding  .     k - +2 pair of gloves
rMut   .         Stasis   .     (no boots)
MR     ++...                    l - amulet of guardian spirit
Stlth  ++........               K - ring of protection from magic
                                h - ring of invisibility

@: exhausted, very slightly contaminated, hasted and slowed, repel missiles,
very resistant to hostile enchantments, unstealthy
A: no striking features
a: Minor Destruction, Lesser Servant of Makhleb, Major Destruction, Greater
Servant of Makhleb, Renounce Religion, Evoke Invisibility


You were in a labyrinth.
You worshipped Makhleb.
Makhleb was exalted by your worship.
You were full.

You visited 2 branches of the dungeon, and saw 17 of its levels.
You also visited: Labyrinth, Sewer and Volcano.

You collected 892 gold pieces.

Inventory:

Hand weapons
 a - a +5 trident of pain (weapon)
 b - a +0 blowgun
Missiles
 q - 9 javelins (quivered)
 y - 72 poisoned needles
 Q - 4 javelins of penetration
Armour
 e - a +0 robe (worn)
 j - a +2 helmet (worn)
 k - a +2 pair of gloves (worn)
 o - a +3 ring mail of fire resistance
 G - the +1 robe of the Evening {-Cast Dex+4 SInv}
   (You found it on level 7 of the Dungeon)

   It affects your dexterity (+4).
   It lets you see invisible.
   It prevents spellcasting.
 H - a +1 scale mail of fire resistance
 R - a +1 buckler of protection (worn)
 S - the +18 shield of the gong {rElec rN+ MR+ EV-5}
   (You found it on level 6 of the Lair of Beasts)

   It affects your evasion (-5).
   It insulates you from electricity.
   It protects you from negative energy.
   It affects your resistance to hostile enchantments.
Magical staves
 v - an uncursed staff of power
 Z - an uncursed staff of death
Jewellery
 h - a ring of invisibility (left hand)
 l - an amulet of guardian spirit (around neck)
 C - an uncursed amulet of rage
 E - an uncursed amulet of stasis
 K - a ring of protection from magic (right hand)
Magical devices
 r - a wand of frost (21)
 B - a wand of disintegration (10)
 D - a wand of digging (13)
 J - a wand of disintegration (10)
 N - a wand of teleportation (3)
 P - a wand of enslavement (14)
Scrolls
 f - 2 scrolls of teleportation
 m - 7 scrolls of immolation
 t - a scroll of enchant armour
 u - 2 scrolls of amnesia
 F - 3 scrolls of remove curse
Potions
 n - 4 potions of berserk rage
 s - 3 potions of flight
 w - 5 potions of curing
 x - 2 potions of might
 z - 3 potions of cure mutation
 A - a potion of ambrosia
 I - 3 potions of haste
 M - a potion of lignification {unknown}
 O - a potion of brilliance {unknown}
 T - a potion of invisibility {unknown}
 W - a potion of magic {unknown}
Books
 c - a book of Minor Magic

   Spells                             Type                      Level
   a - Magic Dart                     Conjuration                  1
   b - Blink                          Translocation                2
   c - Call Imp                       Summoning                    2
   d - Repel Missiles                 Charms/Air                   2
   e - Slow                           Hexes                        2
   f - Conjure Flame                  Conjuration/Fire             3
   g - Mephitic Cloud                 Conjuration/Poison/Air       3
 L - a book of Conjurations

   Spells                             Type                      Level
   a - Magic Dart                     Conjuration                  1
   b - Searing Ray                    Conjuration                  2
   c - Dazzling Spray                 Conjuration/Hexes            3
   d - Fulminant Prism                Conjuration/Hexes            4
   e - Iskenderun's Mystic Blast      Conjuration                  4
   f - Iskenderun's Battlesphere      Conjuration/Charms           5
Miscellaneous
 p - a lamp of fire
 U - a phantom mirror
Comestibles
 d - 3 bread rations
 i - 13 meat rations


   Skills:
 + Level 11.5 Fighting
 + Level 11.8 Polearms
 + Level 3.0 Armour
 - Level 10.3 Dodging
 - Level 2.0 Stealth
 - Level 5.0 Shields
 - Level 5.8 Spellcasting
 - Level 2.3 Conjurations
 - Level 2.0 Summonings
 - Level 8.0 Necromancy
 - Level 1.0 Translocations
 - Level 1.8 Fire Magic
 - Level 1.1 Air Magic
 - Level 1.2 Poison Magic
 - Level 10.2 Invocations


You had 9 spell levels left.
You knew the following spells:

 Your Spells              Type           Power        Failure   Level  Hunger
a - Call Imp              Summ           ##......     12%         2    None
b - Conjure Flame         Conj/Fire      ##......     17%         3    ##.....
c - Mephitic Cloud        Conj/Pois/Air  ##......     21%         3    ##.....
e - Repel Missiles        Chrm/Air       #.....       14%         2    None
f - Sublimation of Blood  Necr           ####......   1%          2    None
z - Magic Dart            Conj           ##..         6%          1    None
D - Blink                 Tloc           N/A          14%         2    None


Dungeon Overview and Level Annotations

Branches:
Dungeon (10/15)            Temple (0/1) D:6            Lair (7/8) D:10
  Swamp (0/4) Lair:3       Spider (0/4) Lair:5
  Slime: Lair:6-8       Orc: D:9-12

Altars:
Dithmenos
Elyvilon
Fedhas
Gozag
Kikubaaqudgha
Makhleb
Nemelex Xobeh
Okawaru
Trog
Yredelemnul
Zin
The Shining One

Annotations:
Lair:3 exclusion: 2 downstairs
Lair:4 Ladykiller69's ghost, powerful FoFi


Message History

Remove which piece of jewellery? (? for menu, Esc to quit)
Okay, then.
Unknown command.
You are a level 14 Human Wizard.
You are 70% of the way to level 15.
Play time: 02:34:38 (25221 turns) Read which item? (? for menu, Esc to quit)
Okay, then.
Drink which item? (? for menu, Esc to quit)
You feel much better. The minotaur misses you. The minotaur closely misses you.
Use which ability?
A demon appears!
You feel somewhat less full. You block the minotaur's attack.
The minotaur hits your green death with the +8 Wrath of Trog {antimagic, *Rage}!!
Your green death's magic leaks into the air.
The minotaur misses you. The minotaur closely misses you.
The minotaur hits your green death with the +8 Wrath of Trog {antimagic, *Rage}!!!
Your green death's magic leaks into the air.
You block the minotaur's attack.
The minotaur looks more healthy.
The minotaur hits you with the +8 Wrath of Trog {antimagic, *Rage}!!
You die...

########### .
..... .#
#########.###
#.........#
#####2#####
#...#H# #
▓▓▓..@# .▓
▓##.# # # #.
#.# # .▓ #.#
. # . ▓.#.# #
. ▓ ... # #
## ▓ ###.# #.
# # # .. .. .
.. . . ## ###
#. ###. #.


You could see a minotaur (berserk) and a friendly green death.

Vanquished Creatures
  2 hydras
  Erica (Lair:1)
  A death yak (Lair:6)
  Urug (Lair:2)
  Sonja (Lair:1)
  An unseen horror (D:9)
  A griffon (Lair:5)
  6 statues (Volcano)
  An orb spider (Lair:5)
  3 black mambas
  A toenail golem (Volcano)
  8 elephants (Lair:6)
  A gargoyle (Volcano)
  An efreet (Volcano)
  14 spiny frogs
  A troll (D:8)
  7 komodo dragons
  The ghost of kosy22 the Skirmisher, an average NaBe of Trog (D:5)
  5 fire drakes
  A two-headed ogre (D:10)
  16 blink frogs
  A deep elf mage (D:7)
  2 wraiths (D:9)
  A slime creature (Lair:7)
  2 shadows (Lab)
  3 fire bats (Lair:3)
  2 wyverns
  A hog (Lair:5)
  31 yaks
  6 hippogriffs
  Edmund (D:6)
  7 water moccasins
  9 porcupines
  12 ice beasts
  3 orc warriors
  A black bear (D:7)
  2 necrophages (D:9)
  2 phantoms
  A wasp (Lair:6)
  A sky beast (D:6)
  5 centaurs
  2 big kobolds
  15 crocodiles
  15 giant frogs
  2 scorpions
  A wyvern skeleton (D:8)
  3 spriggan skeletons (D:9)
  A troll skeleton (D:9)
  A lava snake (Volcano)
  5 wights
  3 jellies
  4 crimson imps
  5 orc wizards
  2 giant frog zombies (D:5)
  7 orc priests
  A human zombie (D:9)
  A hound (D:9)
  A human skeleton (D:9)
  13 iguanas
  3 centaur skeletons
  A gnoll shaman (D:5)
  2 worker ants
  30 sheep
  A killer bee zombie (D:6)
  A hound zombie (D:7)
  A worker ant zombie (D:6)
  3 gnolls (D:5)
  2 mummies (D:9)
  5 adders
  3 shadow imps
  56 river rats
  8 giant geckos
  36 orcs
  4 bats
  8 giant cockroaches
  4 goblins
  5 hobgoblins
  9 jackals
  2 quokkas (D:3)
  A ball python (D:2)
  A giant gecko skeleton (D:8)
  5 giant newts
  20 kobolds
  An orc zombie (D:9)
  A quokka skeleton (D:4)
  11 rats
  A plant (Lair:5)
474 creatures vanquished.

Vanquished Creatures (collateral kills)
  Kirke (Lair:5)
  2 hydras
  6 death yaks
  A black mamba (Lair:2)
  5 elephants (Lair:6)
  4 spiny frogs
  2 slime creatures (Lair:7)
  A boulder beetle (Lair:7)
  A hog (Lair:5)
  18 yaks
  2 water moccasins (Lair:7)
  A necrophage (D:9)
  A porcupine (Lair:7)
  A big kobold (Sewer)
  2 crocodiles (Lair:7)
  2 crimson imps
  A jelly (Lair:7)
  A hound (D:6)
  An iguana (D:5)
  An orc wizard (D:5)
  An adder (D:2)
  3 orcs
  A giant cockroach (D:2)
  A goblin (D:2)
  A fungus (Lair:7)
61 creatures vanquished.

Vanquished Creatures (others)
  A human (Lair:5)
  A bush (Lair:5)
  34 fungi
  18 plants
54 creatures vanquished.

Grand Total: 589 creatures vanquished

Notes
Turn   | Place    | Note
--------------------------------------------------------------
     0 | D:1      | demorobin the Human Wizard began the quest for the Orb.
     0 | D:1      | Reached XP level 1. HP: 13/13 MP: 4/4
   738 | D:1      | Reached XP level 2. HP: 19/19 MP: 3/6
  1001 | D:1      | Learned a level 2 spell: Call Imp
  1591 | D:2      | Found a burning altar of Makhleb.
  1600 | D:2      | Became a worshipper of Makhleb the Destroyer
  1752 | D:2      | Reached XP level 3. HP: 24/24 MP: 3/7
  2032 | D:2      | Learned a level 3 spell: Conjure Flame
  2455 | D:3      | Acquired Makhleb's first power
  2455 | D:3      | Reached skill level 1 in Fire Magic
  2675 | D:3      | Reached XP level 4. HP: 30/30 MP: 4/8
  2860 | D:3      | Found a glowing golden altar of the Shining One.
  3146 | D:3      | Learned a level 3 spell: Mephitic Cloud
  3469 | D:3      | Reached skill level 1 in Air Magic
  3469 | D:3      | Reached skill level 1 in Poison Magic
  3484 | D:3      | Reached XP level 5. HP: 32/35 MP: 1/10
  3600 | D:3      | Found a glowing golden altar of the Shining One.
  3603 | D:3      | Found a white marble altar of Elyvilon.
  3978 | D:4      | Learned a level 2 spell: Blink
  3988 | D:4      | Found an ancient bone altar of Kikubaaqudgha.
  4252 | D:5      | Entered Level 5 of the Dungeon
  4252 | D:5      | Noticed a centaur
  4252 | D:5      | Noticed kosy22's ghost (average NaBe)
  4362 | D:5      | Reached skill level 4 in Spellcasting
  4410 | D:5      | Killed kosy22's ghost
  4410 | D:5      | Reached skill level 5 in Spellcasting
  4410 | D:5      | Reached XP level 6. HP: 41/41 MP: 5/14
  4410 | D:5      | Reached XP level 7. HP: 46/46 MP: 5/15
  4414 | D:5      | Learned a level 2 spell: Repel Missiles
  4427 | D:5      | Killed a centaur
  4427 | D:5      | Reached skill level 1 in Fighting
  4601 | D:5      | Acquired Makhleb's second power
  4711 | D:5      | Found a glowing drain.
  4732 | Sewer    | Entered a sewer
  5182 | Sewer    | Found a white marble altar of Elyvilon.
  5509 | D:5      | Reached XP level 8. HP: 50/58 MP: 8/16
  5947 | D:6      | Noticed Edmund
  5990 | D:6      | Acquired Makhleb's third power
  6092 | D:6      | Found a staircase to the Ecumenical Temple.
  6406 | D:6      | Reached skill level 5 in Dodging
  6572 | D:6      | Found a bloodstained altar of Trog.
  6612 | D:6      | Found an opulent altar of Gozag.
  6710 | D:6      | Killed Edmund
  6984 | D:6      | Reached skill level 5 in Fighting
  7116 | D:6      | Found a sparkling altar of Nemelex Xobeh.
  7164 | D:6      | Found a blossoming altar of Fedhas.
  7235 | D:6      | Learned a level 2 spell: Sublimation of Blood
  7322 | D:7      | Reached XP level 9. HP: 68/68 MP: 11/17
  7325 | D:7      | Got a brightly glowing robe
  7338 | D:7      | Reached skill level 1 in Polearms
  7491 | D:7      | Noticed a deep elf mage
  7538 | D:7      | Killed a deep elf mage
  7559 | D:7      | Found a bloodstained altar of Trog.
  7560 | D:7      | Found a basalt altar of Yredelemnul.
  7968 | D:7      | Acquired Makhleb's fourth power
  8247 | D:7      | Reached skill level 5 in Necromancy
  8555 | D:8      | Noticed a troll
  8563 | D:8      | Killed a troll
  9037 | D:8      | Reached skill level 5 in Polearms
  9498 | D:8      | Reached XP level 10. HP: 71/74 MP: 18/18
  9938 | D:8      | Identified the +1 robe of the Evening {-Cast Dex+4 SInv} (You found it on level 7 of the Dungeon)
 10109 | D:9      | Reached skill level 6 in Necromancy
 10589 | D:9      | Found a shadowy altar of Dithmenos.
 11176 | D:9      | Noticed an unseen horror
 11188 | D:9      | Killed an unseen horror
 11188 | D:9      | Acquired Makhleb's fifth power
 11188 | D:9      | Reached skill level 7 in Necromancy
 11612 | D:9      | Found an iron altar of Okawaru.
 11612 | D:9      | Found a glowing silver altar of Zin.
 11740 | D:9      | Found a basalt altar of Yredelemnul.
 11854 | D:9      | Reached XP level 11. HP: 80/83 MP: 5/19
 11954 | D:10     | Entered Level 10 of the Dungeon
 12159 | D:10     | Found an ancient bone altar of Kikubaaqudgha.
 12676 | D:10     | Found a staircase to the Lair.
 12976 | Lair:1   | Entered Level 1 of the Lair of Beasts
 12979 | Lair:1   | Reached skill level 8 in Necromancy
 13447 | Lair:1   | Noticed Erica
 13572 | Lair:1   | Killed Erica
 13719 | Lair:1   | Noticed Sonja
 13938 | Lair:1   | Reached skill level 5 in Invocations
 14348 | Lair:1   | Killed Sonja
 15457 | Lair:2   | Reached XP level 12. HP: 71/91 MP: 5/20
 15708 | Lair:2   | Noticed Urug
 15746 | Lair:2   | Killed Urug
 15746 | Lair:2   | Reached skill level 9 in Invocations
 16845 | Lair:2   | Reached skill level 10 in Invocations
 17820 | Lair:3   | Found a dark tunnel.
 17829 | Volcano  | Entered a volcano
 18760 | Volcano  | Found a stormy altar of Qazlal.
 18966 | Lair:3   | Reached XP level 13. HP: 99/99 MP: 21/21
 19125 | Lair:3   | Noticed a five-headed hydra
 19166 | Lair:3   | Killed a five-headed hydra
 19297 | Lair:3   | Found a staircase to the Swamp.
 20586 | Lair:4   | Reached skill level 10 in Polearms
 20848 | Lair:4   | Reached skill level 10 in Dodging
 20902 | Lair:4   | Noticed Ladykiller69's ghost (powerful FoFi)
 21334 | Lair:5   | Reached skill level 10 in Fighting
 22184 | Lair:5   | Found a hole to the Spider Nest.
 22854 | Lair:5   | Noticed Kirke
 22860 | Lair:5   | Killed Kirke
 23222 | Lair:6   | Reached XP level 14. HP: 111/111 MP: 22/22
 23361 | Lair:6   | Reached skill level 11 in Polearms
 23673 | Lair:6   | Reached skill level 1 in Shields
 24478 | Lair:7   | Reached skill level 5 in Shields
 24553 | Lair:7   | Reached skill level 1 in Armour
 24727 | Lair:7   | Found a labyrinth entrance.
 24741 | Lab      | Entered a labyrinth
 25225 | Lab      | Mangled by a minotaur

Vault maps used:
D:1:      lemuel_arrival_room
D:2:      lemuel_crystal_altar
D:3:      gammafunk_temple_overflow_pools, tso_metal_star
D:4:      lemuel_crystal_altar
D:5:      first_bread, portal_sewer_entry_f
D:6:      kennysheep_mini_moat, lemuel_round_altar, nicolae_gozag_seed_capital,
          minmay_temple_entry_statues_pillars, trog_book, uniq_edmund
D:7:      gammafunk_temple_overflow_statue
D:9:      amethyst_overflow_temple_binary, grunt_dithmenos_smoke,
          hangedman_tell_no_tales, lemuel_mausoleum_altar_yredelemnul
D:10:     lair_0_dummy, basic_altar, grunt_tough_drop
Lair:1:   uniq_erica, uniq_sonja
Lair:2:   beast_lair_carwin_3, grunt_megastairs_4, uniq_urug
Lair:3:   minmay_swamp_entry_reptiles, portal_ice_cave_entry_ice_beasts,
          nicolae_volcano_entry_batcave
Lair:4:   serial_bayou_pond_c, grunt_megastairs_2
Lair:5:   nicolae_spider_entry_orb_guardian, uniq_kirke
Lair:6:   serial_bayou_shore_a
Lair:7:   minmay_slime_entry_pillars, lab_entry_generic
Lab:      labyrinth_mini_lab, nicolae_lab_plus
Sewer:    sewer_kobolds
Volcano:  volcano_grotto

Action                   |  1- 3 |  4- 6 |  7- 9 | 10-12 | 13-15 || total
-------------------------+-------+-------+-------+-------+-------++-------
Melee: Whip              |    17 |       |       |       |       ||    17
       Trident           |       |    36 |   268 |   859 |   763 ||  1926
       Dagger            |       |       |    93 |       |       ||    93
 Fire: Blowgun           |       |       |       |    69 |    20 ||    89
Throw: Javelin           |       |     4 |     4 |     6 |    11 ||    25
 Cast: Magic Dart        |    94 |    28 |   120 |    40 |     3 ||   285
       Call Imp          |     5 |     2 |    16 |    32 |       ||    55
       Conjure Flame     |       |     3 |    15 |    18 |     2 ||    38
       Mephitic Cloud    |       |     1 |    17 |    14 |     6 ||    38
       Blink             |       |       |     2 |       |     4 ||     6
       Repel Missiles    |       |       |     1 |     4 |     2 ||     7
Invok: Major Destruction |       |       |       |     2 |     7 ||     9
       Lesser Servant of |       |       |       |     2 |       ||     2
       Greater Servant o |       |       |       |     1 |     7 ||     8
 Abil: Evoke Berserk Rag |       |       |       |     4 |       ||     4
Evoke: Wand              |       |       |       |     1 |     3 ||     4
  Use: Scroll            |    10 |     4 |     5 |    16 |     2 ||    37
       Potion            |       |     1 |     2 |     6 |     5 ||    14
 Stab: Sleeping          |     2 |     1 |     1 |    15 |     2 ||    21
       Distracted        |       |       |     4 |     4 |     1 ||     9
       Confused          |       |       |     6 |    12 |     1 ||    19
  Eat: Chunk             |     5 |     4 |    10 |    10 |    16 ||    45
       Royal jelly       |       |     1 |       |     6 |       ||     7
       Bread ration      |       |       |     1 |     2 |     2 ||     5
       Fruit             |       |       |     4 |     6 |       ||    10
       Beef jerky        |       |       |       |     1 |     2 ||     3
       Pizza             |       |       |       |     1 |       ||     1
